[Event "Late-Titled-Tuesday-Blitz-February-27-2024"]
[Site "Chess.com"]
[Date "2024.02.27"]
[Round "4"]
[White "Smile2005"]
[Black "ninguno46"]
[Result "0-1"]
[WhiteElo "2397"]
[BlackElo "2587"]
[TimeControl "180+1"]
[EndTime "14:39:00 PST"]
[Termination "ninguno46 won by checkmate"]

1. e4 c5 2. Nf3 Nc6 3. d4 cxd4 4. Nxd4 g6 5. c4 Nf6 6. Nc3 d6 7. Be3 Ng4 8. Nxc6 bxc6 9. Bd4 e5 10. Be3 Nxe3 11.
fxe3 Bh6 12. Qd2 O-O 13. Be2 Qb6 14. Rb1 Bxe3 15. Qxd6 Bf2+ 16. Kf1 Rd8 17. Qf6 Bd4 18. Na4 Qc7 19. h4 Rd6 20. Qf3 Qe7 21. Qg3 Rf6+ 22. Bf3 Qb4 23. b3 Qd2 24. Re1 Qxa2 25. h5 Qxb3 26.
hxg6 hxg6 27. Nb2 Bxb2 28. Qh4 Qxc4+ 29. Re2 Qc1+ 30. Re1 Ba6+ 31. Kf2 Bd4+ 32. Kg3 Qf4+ 33. Qxf4 exf4+ 34. Kh2 Kg7 35. e5 Rh8+ 36. Bh5 Rxh5# 0-1

[Event "Late-Titled-Tuesday-Blitz-February-27-2024"]
[Site "Chess.com"]
[Date "2024.02.27"]
[Round "4"]
[White "SpeedofLight0"]
[Black "ahkashefi2800"]
[Result "1-0"]
[WhiteElo "3052"]
[BlackElo "2623"]
[TimeControl "180+1"]
[EndTime "14:39:01 PST"]
[Termination "SpeedofLight0 won by resignation"]

1. b3 d5 2. Bb2 c6 3. f4 Nf6 4. Nf3 g6 5. g3 Bg7 6. Bg2 Qb6 7. e3 O-O 8. O-O Bg4 9. Qe1 Bxf3 10. Bxf3 Nbd7 11.
Kh1 Rfe8 12. g4 e5 13. g5 Ne4 14. Bxe4 dxe4 15. f5 Nc5 16. Nc3 Rad8 17. Rd1 Rd7 18.
Qh4 Qd8 19. Ba3 Bf8 20. Bxc5 Bxc5 21. Nxe4 Be7 22. Rf3 Qa5 23. fxg6 fxg6 24. Rdf1 Bd8 25. c3 Qd5 26. c4 Qa5 27. Qh6 Rg7 28. Nd6 e4 29. Nxe8 1-0

[Event "Late-Titled-Tuesday-Blitz-February-27-2024"]
[Site "Chess.com"]
[Date "2024.02.27"]
[Round "4"]
[White "kai_nov"]
[Black "PNEPaul"]
[Result "1-0"]
[WhiteElo "2326"]
[BlackElo "2041"]
[TimeControl "180+1"]
[EndTime "14:39:04 PST"]
[Termination "kai_nov won by resignation"]

1. d4 a6 2. e4 d6 3. Nf3 g6 4. h4 h6 5. c4 Bg7 6. h5 g5 7. Nc3 Nd7 8. Be3 e5 9. Bd3 Ne7 10. Nd5 c6 11. Nxe7 Qxe7 12. d5 c5 13.
Ng1 O-O 14. g4 Nf6 15. f3 Rb8 16. Ne2 b5 17. Ng3 Bd7 18. Qe2 Rfc8 19. O-O b4 20.
a3 a5 21. axb4 axb4 22. Ra7 Ra8 23. Rfa1 Rxa7 24. Rxa7 Qd8 25. Qd1 Qb6 26. Qa1 Bxg4 27. fxg4 Nxg4 28. Nf5 Rb8 29. Qa4 Nxe3 30. Nxe3 g4 31.
Qd7 Rf8 32. Nxg4 b3 33. Kf2 Qb4 34. Ke2 Qb8 35. Ne3 Kh7 36. Nf5 1-0

[Event "Late-Titled-Tuesday-Blitz-February-27-2024"]
[Site "Chess.com"]
[Date "2024.02.27"]
[Round "4"]
[White "Boorchess"]
[Black "Anna20240"]
[Result "1-0"]
[WhiteElo "2522"]
[BlackElo "1912"]
[TimeControl "180+1"]
[EndTime "14:39:05 PST"]
[Termination "Boorchess won on time"]

1. d4 d5 2. c4 c6 3. cxd5 cxd5 4. Nc3 Nf6 5. f3 Nc6 6. e4 dxe4 7. d5 Ne5 8. fxe4 Bg4 9. Qd4 Qc7 10. Bb5+ Bd7 11.
Bxd7+ Nfxd7 12. Nf3 e6 13. Bf4 Bd6 14. Bxe5 Bxe5 15.
Nxe5 Nxe5 16. dxe6 fxe6 17. Qa4+ Nd7 18. O-O-O Qc6 19. Qxc6 bxc6 20. Rd6 e5 21. Rf1 Rc8 22. Re6+ Kd8 23. Rf7 Rg8 24. Ree7 Rc7 25. Na4 Rb7 26. a3 h6 27. Rxg7 Rxg7 28. Rxg7 Kc8 29. Kc2 Nf6 30. Rxb7 Kxb7 31. Kd3 Ng4 32. h3 Nf6 33. b4 Nd7 34. g4 Ka6 35. h4 1-0

[Event "Late-Titled-Tuesday-Blitz-February-27-2024"]
[Site "Chess.com"]
[Date "2024.02.27"]
[Round "4"]
[White "Alphafischer2019"]
[Black "TenisMaster"]
[Result "0-1"]
[WhiteElo "2701"]
[BlackElo "2941"]
[TimeControl "180+1"]
[EndTime "14:39:06 PST"]
[Termination "TenisMaster won by resignation"]

1. Nf3 d5 2. g3 c6 3. Bg2 Bg4 4. h3 Bh5 5. d4 e6 6. c4 Nd7 7. cxd5 exd5 8. Nc3 Ngf6 9. O-O Bd6 10. Bf4 Bxf4 11. gxf4 Nf8 12. Ne5 Ne6 13. Qd2 Nd7 14.
f5 Nc7 15. Nd3 O-O 16. Qf4 Ne8 17. Qg3 Qf6 18. Qf4 Nd6 19. e4 dxe4 20. Nxe4 Nxe4 21. Qxe4 Rfe8 22. Qf4 Be2 23. Rfd1 Bxd1 24. Rxd1 Re7 25. d5 cxd5 26. Bxd5 Rae8 27. Bxb7 Ne5 28. Nxe5 Rxe5 29. Bc6 Qxc6 0-1

[Event "Late-Titled-Tuesday-Blitz-February-27-2024"]
[Site "Chess.com"]
[Date "2024.02.27"]
[Round "4"]
[White "Bilan_Danila"]
[Black "Caisachess"]
[Result "1-0"]
[WhiteElo "2552"]
[BlackElo "2354"]
[TimeControl "180+1"]
[EndTime "14:39:07 PST"]
[Termination "Bilan_Danila won by resignation"]

1. d4 d5 2. Nf3 Nf6 3. c4 c6 4.
Nc3 e6 5. Bg5 Nbd7 6. cxd5 exd5 7. e3 Be7 8. Bd3 Nh5 9. Bxe7 Qxe7 10. Qc2 g6 11. O-O O-O 12. Rab1 b5 13. Ne2 Nb6 14. Qxc6 Bd7 15. Qc5 Qxc5 16. dxc5 Nc4 17. Ned4 Rfc8 18.
b3 Na3 19. Rbc1 b4 20. Ne5 Be8 21. c6 Rc7 22. Rc5 Nf6 23. Ra5 Kf8 24. g4 h6 25.
h4 Re7 26. f4 Rxe5 27. fxe5 Nxg4 28. e6 Ne5 29. Rxd5 Nxd3 30. c7 Rc8 31. exf7 Bxf7 32.
Rd8+ Ke7 33. Rxc8 1-0

[Event "Late-Titled-Tuesday-Blitz-February-27-2024"]
[Site "Chess.com"]
[Date "2024.02.27"]
[Round "4"]
[White "nihalsarin"]
[Black "Beca95"]
[Result "1/2-1/2"]
[WhiteElo "3186"]
[BlackElo "2934"]
[TimeControl "180+1"]
[EndTime "14:39:08 PST"]
[Termination "Game drawn by repetition"]

1. d4 Nf6 2. c4 c5 3. Nf3 cxd4 4. Nxd4 e6 5. Nc3 d5 6. cxd5 Nxd5 7. Bd2 Bc5 8. Nb3 Be7 9. Nxd5 Qxd5 10. Bc3 Qxd1+ 11. Rxd1 O-O 12. g3 Bd7 13. Na5 Bc6 14. Nxc6 Nxc6 15.
Bg2 Rfd8 16. Bxc6 bxc6 17. e3 Kf8 18. Ke2 f6 19. Rxd8+ Rxd8 20. Rc1 Ke8 21. Be1 c5 22. Rc4 Rb8 23. b3 Rb6 24. Ra4 a6 25. g4 Kd7 26. f4 f5 27. h3 g6 28. g5 e5 29.
Bc3 e4 30. h4 Kc6 31. Rc4 Kd5 32. Bd2 Rb8 33. Rc1 h5 34. Bc3 Rb7 35. Rd1+ Kc6 36.
Be5 Rd7 37. Rc1 Kb5 38. Rc4 a5 39. Bc3 Bd8 40. Bb2 Bb6 41. Bf6 Rd3 42. Bb2 Rd5 43. a4+ Kc6 44. Rc2 Rd3 45. Rc3 Rxc3 46. Bxc3 Kd5 47.
Kd2 Bc7 48. Kc2 Bb6 49. Kd2 Bc7 50. Kd1 Bd8 51. Be1 Bb6 52. Ke2 Kd6 53. Kd2 Kc6 54.
Bf2 Kd5 55. Kc3 Bc7 56. Be1 Bb6 57. Bd2 Bc7 58. Bc1 Bb6 59. Bb2 Bc7 60. Bc1 Bb6 61. Bd2 Bc7 62. Kc2 Bb6 63. Kc3 1/2-1/2

[Event "Late-Titled-Tuesday-Blitz-February-27-2024"]
[Site "Chess.com"]
[Date "2024.02.27"]
[Round "4"]
[White "Adar_07"]
[Black "Njal28"]
[Result "0-1"]
[WhiteElo "2784"]
[BlackElo "3029"]
[TimeControl "180+1"]
[EndTime "14:39:08 PST"]
[Termination "Njal28 won by resignation"]

1. Nf3 Nf6 2. d4 d5 3. Bf4 c5 4. e3 Nc6 5. c3 Qb6 6. Qb3 c4 7.
Qc2 Bf5 8. Qc1 e6 9. Nbd2 Rc8 10.
Be2 h6 11. Ne5 Be7 12. g4 Bh7 13. h4 Ne4 14. Nxe4 Bxe4 15. f3 Bh7 16. g5 Bf5 17. gxh6 gxh6 18. e4 dxe4 19. Nxc4 Qd8 20. Ne3 Bxh4+ 21.
Kf1 exf3 22. Bxf3 Nxd4 23. Bxb7 Bd3+ 24. Kg2 Rg8+ 25. Kh3 Ne2 26. Qf1 Rc5 27. Qf3 Nxf4+ 28. Qxf4 Rh5 29. Bc6+ Kf8 0-1

[Event "Late-Titled-Tuesday-Blitz-February-27-2024"]
[Site "Chess.com"]
[Date "2024.02.27"]
[Round "4"]
[White "Aleksandar-Topalov"]
[Black "Yaacovn"]
[Result "0-1"]
[WhiteElo "2374"]
[BlackElo "2835"]
[TimeControl "180+1"]
[EndTime "14:39:08 PST"]
[Termination "Yaacovn won on time"]

1. b3 c5 2. Bb2 Nf6 3. Nf3 g6 4. c4 Bg7 5. e3 O-O 6. Be2 Nc6 7.
O-O b6 8. d4 cxd4 9. Nxd4 Bb7 10. Bf3 Qc8 11. Nxc6 Bxc6 12. Bxc6 dxc6 13. Qc2 Rd8 14.
Nc3 Qf5 15. Qxf5 gxf5 16. Rad1 Ne4 17. Nxe4 fxe4 18. Bxg7 Kxg7 19. f3 exf3 20. gxf3 Kf6 21. Kf2 a5 22. Ke2 a4 23. Rxd8 Rxd8 24. bxa4 Ra8 25. Rb1 Ra6 26. Kd3 Ke6 27. Kc3 Kd6 28. Kb3 Ra8 29. Rg1 Rd8 30. Rg7 Ke6 31. Rxh7 Rd3+ 32.
Kb4 Rxe3 33. Rh6+ f6 34. a5 bxa5+ 35. Kxa5 Rxf3 36. Kb6 Ra3 37. Kxc6 Rxa2 38. c5 Rb2 39. h4 Kf5 40. Rh7 e5 41. h5 Kg5 42. Rf7 Rf2 43.
Rh7 e4 44. Kd5 e3 45. c6 e2 46. Re7 Rf5+ 47. Kd4 Re5 48. c7 e1=Q 49. c8=Q Qe3+ 0-1

[Event "Late-Titled-Tuesday-Blitz-February-27-2024"]
[Site "Chess.com"]
[Date "2024.02.27"]
[Round "4"]
[White "zajka-molotok"]
[Black "NCchamp"]
[Result "1-0"]
[WhiteElo "2512"]
[BlackElo "2339"]
[TimeControl "180+1"]
[EndTime "14:39:08 PST"]
[Termination "zajka-molotok won by resignation"]

1. e4 c6 2. d4 d5 3. f3 e6 4. Nc3 Bb4 5. Be3 dxe4 6. fxe4 Qh4+ 7. Kd2 Qxe4 8. Nf3 Bxc3+ 9. bxc3 Nf6 10. Bd3 Qg4 11.
Qe2 Nd5 12. h3 Qg3 13. Raf1 Nxe3 14. Qxe3 Nd7 15. Kc1 Nf6 16. Qd2 Bd7 17. Ne5 h6 18. h4 Ng4 19. Rh3 Qxh3 20. gxh3 Nxe5 21. dxe5 O-O-O 22. Rxf7 g5 23. h5 Be8 24. Re7 Bxh5 25. Rxe6 Rhf8 26. Rxh6 Rf1+ 27. Bxf1 Rxd2 28. Kxd2 1-0

[Event "Late-Titled-Tuesday-Blitz-February-27-2024"]
[Site "Chess.com"]
[Date "2024.02.27"]
[Round "4"]
[White "Matalon"]
[Black "shirovin"]
[Result "1-0"]
[WhiteElo "2453"]
[BlackElo "2068"]
[TimeControl "180+1"]
[EndTime "14:39:08 PST"]
[Termination "Matalon won on time"]

1. e4 c5 2. Nf3 d6 3. d4 cxd4 4. Nxd4 Nf6 5. Nc3 a6 6. Bg5 e6 7.
f4 Be7 8. Qf3 Nbd7 9. O-O-O h6 10. Bxf6 Bxf6 11. g4 Qc7 12. h4 Bxd4 13. Rxd4 Nb6 14.
Be2 e5 15. Rd2 Be6 16. Rhd1 O-O-O 17. f5 Bc4 18. Bxc4 Nxc4 19. Rd3 Qb6 20. b3 Na3 21. Nd5 Qa5 22. b4 Qb5 23. Rxa3 Kb8 24. Qd3 Qc6 25. Rc3 Qa4 26. Kb2 Qd7 27. Rc7 1-0

[Event "Late-Titled-Tuesday-Blitz-February-27-2024"]
[Site "Chess.com"]
[Date "2024.02.27"]
[Round "4"]
[White "cthulhuuu"]
[Black "Malev212"]
[Result "0-1"]
[WhiteElo "2442"]
[BlackElo "2659"]
[TimeControl "180+1"]
[EndTime "14:39:11 PST"]
[Termination "Malev212 won by resignation"]

1. e4 c5 2. Nf3 e6 3. d3 Nc6 4.
g3 Bd6 5. Bg2 Nge7 6. O-O Bc7 7.
Re1 O-O 8. c3 d5 9. e5 b5 10. h4 a5 11. h5 h6 12. Bf4 b4 13.
Nbd2 a4 14. a3 bxc3 15. bxc3 Ba6 16. Nf1 Na5 17. N1h2 Nb3 18. Ra2 Ba5 19. Rc2 d4 20. c4 Bxe1 21. Qxe1 Rb8 22. g4 Bb7 23. g5 hxg5 24.
Bxg5 Qc7 25. Ng4 Nf5 26. Rb2 Na5 27. Rxb7 Rxb7 28. Qd2 Rb1+ 29. Kh2 Nc6 30. Qf4 f6 31. exf6 Qxf4+ 32. Bxf4 gxf6 33. Bd6 Nxd6 0-1

[Event "Late-Titled-Tuesday-Blitz-February-27-2024"]
[Site "Chess.com"]
[Date "2024.02.27"]
[Round "4"]
[White "ElVital"]
[Black "2L8IWUN"]
[Result "1-0"]
[WhiteElo "2368"]
[BlackElo "2146"]
[TimeControl "180+1"]
[EndTime "14:39:11 PST"]
[Termination "ElVital won by resignation"]

1. e4 e5 2. f4 exf4 3. Nf3 d5 4. exd5 Nf6 5. Bb5+ Nbd7 6. c4 a6 7. Ba4 b5 8. cxb5 Nxd5 9. O-O Be7 10. Nc3 N7b6 11. Bc2 O-O 12. d4 axb5 13. Qd3 g6 14. Nxb5 Ba6 15. Qb3 Qd7 16. Bd3 Rab8 17. Ne5 Qe6 18. a4 c6 19. Nc3 Nc4 20. Qd1 Nxe5 21. Bxa6 Nd7 22. Re1 Qd6 23. Ne4 Qb4 24. Rf1 Rfe8 25.
Kh1 Qb6 26. Bc4 f5 27. a5 Nf6 28. axb6 1-0

[Event "Late-Titled-Tuesday-Blitz-February-27-2024"]
[Site "Chess.com"]
[Date "2024.02.27"]
[Round "4"]
[White "Roedor"]
[Black "katharinareinecke"]
[Result "1-0"]
[WhiteElo "2302"]
[BlackElo "2005"]
[TimeControl "180+1"]
[EndTime "14:39:13 PST"]
[Termination "Roedor won on time"]

1. c4 c6 2. Nf3 d5 3. d4 Nf6 4. Qb3 e6 5. Bg5 Be7 6. Nc3 O-O 7. e3 a6 8. cxd5 cxd5 9. Bd3 Nc6 10. O-O Na5 11. Qc2 g6 12. Rfc1 Nc4 13. Ne5 Nxe5 14. dxe5 Nd7 15. Bh6 Nxe5 16. Bxf8 Bxf8 17. Rd1 b5 18. a4 b4 19. Ne2 Bg7 20. Rac1 Bd7 21. b3 Rc8 22. Qd2 Nxd3 23. Qxd3 Qb6 24. Rxc8+ Bxc8 25. Rc1 Bb7 26. h3 e5 27. Kh1 d4 28.
exd4 exd4 29. Rc4 Qe6 30. Kh2 Be5+ 31. Ng3 Bd5 32. Rxb4 h5 33. Rxd4 h4 34. Rxd5 hxg3+ 35. fxg3 Kh7 36. Rxe5 Qxe5 37. Qxa6 1-0

[Event "Late-Titled-Tuesday-Blitz-February-27-2024"]
[Site "Chess.com"]
[Date "2024.02.27"]
[Round "4"]
[White "The_Machine04"]
[Black "Oleksandr_Bortnyk"]
[Result "0-1"]
[WhiteElo "2810"]
[BlackElo "3059"]
[TimeControl "180+1"]
[EndTime "14:39:15 PST"]
[Termination "Oleksandr_Bortnyk won on time"]

1. d4 Nf6 2. Nf3 b6 3. Nbd2 Bb7 4. e3 g6 5. Bd3 d5 6. Ne5 Bg7 7. f4 c5 8. c3 O-O 9. Qf3 Ba6 10. Bxa6 Nxa6 11.
g4 Nc7 12. h4 h5 13. g5 Nd7 14. O-O Nxe5 15. fxe5 Qd7 16. Qg3 a5 17. a4 Ne6 18. Nf3 b5 19. axb5 Qxb5 20. Rf2 a4 21. Qg2 Rfb8 22. Ne1 Qb3 23. Ra3 Qd1 24. Bd2 Rxb2 25.
Qxd5 Rd8 0-1

[Event "Late-Titled-Tuesday-Blitz-February-27-2024"]
[Site "Chess.com"]
[Date "2024.02.27"]
[Round "4"]
[White "PawnEatingZombie"]
[Black "Tugrik1969"]
[Result "0-1"]
[WhiteElo "2177"]
[BlackElo "2390"]
[TimeControl "180+1"]
[EndTime "14:39:15 PST"]
[Termination "Tugrik1969 won by resignation"]

1. e4 c5 2. Nc3 a6 3. f4 b5 4. g3 Bb7 5. Bg2 h5 6. d3 e6 7. Nh3 Nf6 8. O-O b4 9. Ne2 h4 10. e5 Bxg2 11. Kxg2 Nd5 12. f5 Nc6 13. fxe6 dxe6 14. Nef4 hxg3 15. hxg3 Nxe5 16. Qe2 Nc6 17.
Nxe6 fxe6 18. Qxe6+ Nde7 19. Bf4 Qd5+ 20. Qxd5 Nxd5 21.
Rae1+ Kd7 22. Ng5 Be7 23. Ne6 Rag8 24. c4 bxc3 25. bxc3 Nxc3 0-1

[Event "Late-Titled-Tuesday-Blitz-February-27-2024"]
[Site "Chess.com"]
[Date "2024.02.27"]
[Round "4"]
[White "bipe137"]
[Black "Dhaydon19"]
[Result "1-0"]
[WhiteElo "2582"]
[BlackElo "2744"]
[TimeControl "180+1"]
[EndTime "14:39:16 PST"]
[Termination "bipe137 won by checkmate"]

1. d4 Nf6 2. c4 e6 3. Nc3 d5 4. cxd5 exd5 5. Bg5 c6 6. e3 Bf5 7. Qf3 Bg6 8. Bxf6 gxf6 9. h4 h5 10. Nh3 Bd6 11. Nf4 Qe7 12. Rc1 Nd7 13. Be2 Nb6 14. O-O a5 15. Rfe1 Kf8 16. Nxg6+ fxg6 17. e4 dxe4 18. Nxe4 f5 19. Ng5 Re8 20. Kf1 Bb4 21. Red1 Nd5 22. a3 Bd6 23. Bc4 Nb6 24. Re1 Qf6 25.
Ne6+ Kf7 26. Ba2 Qxh4 27. g3 Qh3+ 28. Kg1 Kf6 29. d5 Na4 30. dxc6 h4 31. Qe3 Qg4 32.
Rc4 Bc5 33. Qe5+ Ke7 34. Qg7+ Kd6 35. Qc7+ Kd5 36. Re5# 1-0

[Event "Late-Titled-Tuesday-Blitz-February-27-2024"]
[Site "Chess.com"]
[Date "2024.02.27"]
[Round "4"]
[White "boguszp"]
[Black "vladoboch"]
[Result "0-1"]
[WhiteElo "2014"]
[BlackElo "2435"]
[TimeControl "180+1"]
[EndTime "14:39:16 PST"]
[Termination "vladoboch won on time"]

1. d4 a6 2. Nf3 b5 3. e4 Bb7 4.
Bd3 e6 5. O-O Nf6 6. Re1 Be7 7.
c4 bxc4 8. Bxc4 Nxe4 9. Nc3 Nxc3 10. bxc3 O-O 11. Bd3 d6 12. Qe2 Nd7 13. Bf4 Nf6 14. Ng5 Qd7 15. Bf5 exf5 16. Qxe7 Qc6 17. f3 Rae8 18. Qxe8 Rxe8 19. Rxe8+ Qxe8 20. Kf2 h6 21. Nh3 Ng4+ 22. fxg4 fxg4 23. Ng1 Qe4 24. Be3 Qxg2+ 25. Ke1 Qb2 26. Rc1 Qxh2 27. Ne2 Bf3 28. Nf4 g5 29.
Nd3 g3 0-1

[Event "Late-Titled-Tuesday-Blitz-February-27-2024"]
[Site "Chess.com"]
[Date "2024.02.27"]
[Round "4"]
[White "IMRosen"]
[Black "OPQRC"]
[Result "1-0"]
[WhiteElo "2701"]
[BlackElo "2525"]
[TimeControl "180+1"]
[EndTime "14:39:17 PST"]
[Termination "IMRosen won by resignation"]

1. e4 c5 2. Nc3 Nc6 3. Bb5 e6 4. Bxc6 bxc6 5. f4 g6 6. d3 d6 7. Nf3 Bg7 8. O-O Ne7 9. Rb1 O-O 10. Bd2 Rb8 11. b3 f5 12. Qe1 fxe4 13. dxe4 d5 14. e5 Nf5 15. Kh1 c4 16. Na4 cxb3 17. axb3 Ba6 18.
Rf2 Qe7 19. Ra1 Bb7 20. Bb4 Qc7 21. Bxf8 Bxf8 22. g4 Nh6 23. h3 c5 24. Kh2 d4 25.
Ng5 Bd5 26. Nb2 Be7 27. Ne4 Rf8 28. g5 Nf5 29. Nf6+ Bxf6 30. gxf6 Kf7 31. Nc4 Rg8 32. Qa5 Qxa5 33. Rxa5 Ra8 34. Rxc5 Bxc4 35. Rxc4 h6 36. Rc7+ Kf8 37. Rg2 Nh4 38. Rg4 g5 39. fxg5 hxg5 40.
Kh1 Nf3 41. Kg2 Nxe5 42. Rxg5 Rd8 43. Rxe5 1-0

[Event "Late-Titled-Tuesday-Blitz-February-27-2024"]
[Site "Chess.com"]
[Date "2024.02.27"]
[Round "4"]
[White "Hikaru"]
[Black "Genghis_K"]
[Result "1-0"]
[WhiteElo "3234"]
[BlackElo "2928"]
[TimeControl "180+1"]
[EndTime "14:39:19 PST"]
[Termination "Hikaru won by resignation"]

1. h3 e5 2. c4 Nf6 3. Nc3 c6 4. g4 d5 5. g5 Nh5 6. cxd5 cxd5 7. d4 Nc6 8. e4 Nxd4 9. Nxd5 Be6 10. Bg2 Rc8 11.
Kf1 g6 12. Ne2 Bc5 13. Nxd4 Bxd4 14. Bf3 Bxd5 15. exd5 Ng7 16. Qa4+ Qd7 17. Qxd7+ Kxd7 18. Bd1 Nf5 19. Bd2 Nd6 20. Bg4+ Nf5 21. Ke2 Rc2 22. Rab1 Rhc8 23. Rhf1 Kd6 24. h4 Bb6 25. h5 e4 26.
Rbc1 Nd4+ 27. Kd1 Rxc1+ 28. Bxc1 Kxd5 29. Bxc8 1-0

[Event "Late-Titled-Tuesday-Blitz-February-27-2024"]
[Site "Chess.com"]
[Date "2024.02.27"]
[Round "4"]
[White "MajorCoast"]
[Black "CrushingKings"]
[Result "0-1"]
[WhiteElo "2240"]
[BlackElo "2628"]
[TimeControl "180+1"]
[EndTime "14:39:19 PST"]
[Termination "CrushingKings won by checkmate"]

1. d4 g6 2. e4 Bg7 3. Nf3 c6 4. a4 d5 5. e5 Bg4 6. c3 f6 7.
exf6 Nxf6 8. Bd3 O-O 9. Nbd2 Nbd7 10. h3 Bxf3 11. Nxf3 Qc7 12. O-O e5 13. dxe5 Nxe5 14. Nxe5 Qxe5 15. Be3 Nh5 16. Bd4 Qg5 17. Bxg7 Kxg7 18. Kh1 Rae8 19. Qg4 Qxg4 20. hxg4 Nf4 21. Rad1 Nxd3 22. Rxd3 Re2 23. b4 Rfxf2 24. Rxf2 Rxf2 25. a5 Rf4 26. b5 a6 27. bxc6 bxc6 28. g5 Rf5 29. c4 Rxg5 30. cxd5 Rxd5 31. Rc3 Rxa5 32. Rxc6 Ra2 33. Kh2 h5 34. Kh3 Kh6 35. g4 Ra3+ 36. Kh4 Ra4 37. Kh3 Rxg4 38. Rxa6 Rb4 39. Ra5 Rb3+ 40.
Kg2 h4 41. Kh2 g5 42. Kg2 Kh5 43. Ra4 h3+ 44. Kh2 g4 45. Ra8 Rb2+ 46. Kg1 Kh4 47. Rh8+ Kg3 48. Kf1 h2 49. Rh3+ gxh3 50. Ke1 h1=R# 0-1

[Event "Late-Titled-Tuesday-Blitz-February-27-2024"]
[Site "Chess.com"]
[Date "2024.02.27"]
[Round "4"]
[White "Pingah9"]
[Black "Mr_Heisenberg13"]
[Result "1-0"]
[WhiteElo "2574"]
[BlackElo "2824"]
[TimeControl "180+1"]
[EndTime "14:39:20 PST"]
[Termination "Pingah9 won by checkmate"]

1. e4 c5 2. Nc3 e6 3. g3 d5 4. Bg2 Nf6 5. d3 Nc6 6. f4 Be7 7. Nh3 O-O 8. O-O Rb8 9. a4 a6 10. e5 Nd7 11. Ne2 b5 12. axb5 axb5 13. Be3 f6 14. d4 cxd4 15. Nxd4 Nxd4 16. Bxd4 fxe5 17. fxe5 Rxf1+ 18. Qxf1 Qc7 19. Qe2 Bc5 20. Bxc5 Qxc5+ 21. Kh1 Qd4 22. Re1 Qxb2 23. Nf4 Nf8 24. h4 b4 25. Qd3 b3 26. c4 Qc2 27. cxd5 Qxd3 28. Nxd3 exd5 29. Bxd5+ Be6 30. Bxe6+ Nxe6 31. Rb1 h5 32.
Kg2 Kh7 33. Kf2 Kg6 34. Ke3 Kf5 35. Rb2 Kg4 36. Kf2 Rf8+ 37. Kg2 Nd4 38. e6 Re8 39.
Rf2 g5 40. Ne5# 1-0

[Event "Late-Titled-Tuesday-Blitz-February-27-2024"]
[Site "Chess.com"]
[Date "2024.02.27"]
[Round "4"]
[White "CarlosjPineror"]
[Black "FredddieCroderg"]
[Result "1-0"]
[WhiteElo "2547"]
[BlackElo "2285"]
[TimeControl "180+1"]
[EndTime "14:39:20 PST"]
[Termination "CarlosjPineror won by resignation"]

1. e4 c6 2. d4 d5 3. Nc3 dxe4 4. Nxe4 Nf6 5. Nxf6+ exf6 6. Bc4 Bd6 7. Nf3 O-O 8. O-O Bg4 9. Be2 Nd7 10. h3 Bh5 11.
Be3 Re8 12. Re1 Nf8 13. c4 Ne6 14. Qd2 Bc7 15. d5 cxd5 16. cxd5 Nf8 17. Red1 Qd6 18. g3 Qd7 19. Kg2 Bxf3+ 20. Bxf3 Ng6 21. d6 Bb6 22. Bxb6 axb6 23. Kh2 Ne5 24. Bg2 Rac8 25. b3 h5 26. f4 Nc6 27. h4 g6 28. Bh3 f5 29. Bg2 Re6 30. Bd5 Ree8 31. Rac1 Kh7 32. Bf3 Re6 33. Rc3 Rce8 34. Rd3 b5 35. a3 Ra8 36. b4 Rae8 37. Kh3 Ra8 38. Qc3 Rae8 39. Qc5 Ra8 40. Qxb5 Rae8 41.
Qc5 Re1 42. b5 Na5 43. a4 Rxd1 44. Rxd1 b6 45. Qc7 Rd8 46. Qxd7 Rxd7 47. Bc6 Rd8 48. d7 Nc4 49. Rd4 Ne3 50. a5 Ng4 51. a6 1-0

[Event "Late-Titled-Tuesday-Blitz-February-27-2024"]
[Site "Chess.com"]
[Date "2024.02.27"]
[Round "4"]
[White "jinxy2009"]
[Black "jactorres"]
[Result "0-1"]
[WhiteElo "2156"]
[BlackElo "2371"]
[TimeControl "180+1"]
[EndTime "14:39:20 PST"]
[Termination "jactorres won by resignation"]

1. e4 e5 2. Nf3 Nc6 3. Bc4 Nf6 4. d3 Bc5 5. O-O d6 6. c3 a6 7. a4 Ba7 8. Re1 h6 9. Nbd2 O-O 10. h3 Ne7 11.
Nf1 Ng6 12. Ng3 Re8 13. d4 c6 14. Bd3 Qc7 15. Bc2 Bd7 16. a5 Rad8 17. Bd2 Bc8 18. Qc1 Kh7 19. Nf5 Nh5 20. Bxh6 Nhf4 21. Ng5+ Kg8 22.
Bxg7 Bxf5 23. exf5 Kxg7 24. fxg6 fxg6 25. dxe5 dxe5 26.
Qe3 Bxe3 0-1

[Event "Late-Titled-Tuesday-Blitz-February-27-2024"]
[Site "Chess.com"]
[Date "2024.02.27"]
[Round "4"]
[White "platy3"]
[Black "Mikayel99"]
[Result "1-0"]
[WhiteElo "2939"]
[BlackElo "2552"]
[TimeControl "180+1"]
[EndTime "14:39:22 PST"]
[Termination "platy3 won by checkmate"]

1. e4 c6 2. d4 d5 3. e5 Bf5 4.
Nd2 e6 5. Nb3 Nd7 6. Nf3 c5 7. c3 Ne7 8. Be2 h6 9. O-O Nc6 10. Be3 Be7 11. Ne1 O-O 12. f4 Rc8 13. dxc5 Na5 14. Nxa5 Qxa5 15. b4 Qd8 16. Nf3 b6 17.
Nd4 bxc5 18. Nxf5 exf5 19. Qxd5 Nb6 20. Qb3 Qd5 21. c4 Qe4 22. b5 Rfd8 23. a4 f6 24. a5 Na8 25. Bf3 Qd3 26. Qxd3 Rxd3 27. Bd5+ Kf8 28.
Bf2 fxe5 29. fxe5 Nc7 30. Bb7 Rcd8 31. b6 axb6 32. axb6 Ne6 33. Bd5 Nf4 34. b7 Nxd5 35.
cxd5 Rb3 36. d6 Rxb7 37. dxe7+ Kxe7 38. Bxc5+ Ke6 39. Ra6+ Kxe5 40. Re1+ Kf4 41. Be3+ Kg4 42. Rf1 g5 43. h3+ Kh5 44. Rxf5 Re8 45. g4+ Kh4 46. Rxh6+ Kg3 47. Bf2# 1-0

[Event "Late-Titled-Tuesday-Blitz-February-27-2024"]
[Site "Chess.com"]
[Date "2024.02.27"]
[Round "4"]
[White "AlexTruskavetsky"]
[Black "Nouali_Mohamed"]
[Result "1-0"]
[WhiteElo "2704"]
[BlackElo "2520"]
[TimeControl "180+1"]
[EndTime "14:39:23 PST"]
[Termination "AlexTruskavetsky won on time"]

1. d4 Nf6 2. c4 g6 3. Nc3 Bg7 4. e4 O-O 5. f4 d6 6. Nf3 c5 7. d5 Qa5 8. Bd3 Nxd5 9. exd5 Bxc3+ 10. bxc3 Qxc3+ 11. Qd2 Qxa1 12. O-O Qg7 13. Bb2 f6 14. Re1 Bg4 15. Ng5 Na6 16. Qe3 Rae8 17. Ne6 Bxe6 18. Qxe6+ Qf7 19. Qg4 f5 20. Qe2 Nc7 21. Ba1 e5 22. fxe5 dxe5 23. Bxe5 Rxe5 24. Qxe5 Re8 25. Qc3 Rxe1+ 26. Qxe1 Qf6 27. Qe3 b6 28. h3 Kf7 29.
Qg3 Qd4+ 30. Kh2 Ne8 31. Bf1 f4 32. Qg4 Qe3 33. Qd7+ Kf6 34. Qd8+ Kf7 35. d6 f3 36.
d7 Ng7 37. Qc7 Ne6 38. d8=Q+ 1-0

[Event "Late-Titled-Tuesday-Blitz-February-27-2024"]
[Site "Chess.com"]
[Date "2024.02.27"]
[Round "4"]
[White "VitorBronson"]
[Black "rhwr"]
[Result "1-0"]
[WhiteElo "2504"]
[BlackElo "2325"]
[TimeControl "180+1"]
[EndTime "14:39:23 PST"]
[Termination "VitorBronson won by resignation"]

1. d4 Nf6 2. c4 g6 3. Nc3 d5 4.
Nf3 Bg7 5. Qb3 dxc4 6. Qxc4 O-O 7. e4 b6 8. Qb3 Bb7 9. e5 Nd5 10. Bc4 Nxc3 11. Qxc3 Nc6 12. O-O Na5 13. Be2 Rc8 14. Be3 Bd5 15. b4 Nb7 16. a3 a5 17. Ne1 c6 18. Nd3 Qc7 19. Nf4 Nd8 20. Rfc1 Ne6 21.
Nxd5 cxd5 22. Qd2 Qa7 23. Bg4 Rc7 24. Rxc7 Qxc7 25. Rc1 Qa7 26. b5 Qd7 27. Rc6 h5 28. Bh3 Rb8 29. g3 Kh7 30. Qc1 Rb7 31. a4 Bf8 32.
Rc8 Bg7 33. Qc6 Rc7 34. Rxc7 Qxc7 35. Bxe6 1-0